Arrhythmia, chaotic female vampiric Convict ------- ################ |????.| #--------- # ----------- ---------- |????.| #|...}...| ###|.........-#############.....%...| |????.| #|}}.....| ##-.........| |>.......| |????.| #|}}.}....########|.....%...| ---------- |?+??.-#########|..>}}..| # -.--|--.--- ------- --------- # ## ## ## # # # # # ################# # ------.-####################### # |......|# --|--- # |......|############## |....| # |......| ----.- |....| ---------------# -------- |....| |....| |..........@_.|# |....| |....| |.............|# |....| |....| |.............+# ------ ------ --------------- Arrhythmia the Jail-bird Experience level: 7 Strength: 14 Dexterity: 11 Constitution: 18 Intelligence: 13 Wisdom: 9 Charisma: 7 Health: 66(66) Energy: 42(42) AC: 10 Gold: 206 Moves: 3212 Your Inventory: Coins $ - 206 gold pieces Weapons f - an [uncursed +0] runed dagger [elven] Armor l - an [uncursed] +1 pair of hard shoes [iron] p - an [uncursed] +0 hard hat [dwarvish iron helm] q - an [uncursed] +0 pair of gloves called reg [leather] r - a cursed -1 small shield (being worn) s - an [uncursed] +0 pair of jackboots [high] t - an [uncursed +0] small shield u - an [uncursed] +0 pair of gloves called reg [leather] w - an [uncursed +0] small shield x - an [uncursed +0] pair of jackboots [high] y - an [uncursed] +0 pair of gloves called reg [leather] A - an [uncursed] +0 pair of gloves called reg [leather] B - an [uncursed +0] pair of walking shoes [low] C - an [uncursed +0] dented pot E - an [uncursed] +0 pair of gloves called reg [leather] F - a [cursed -2] pair of walking shoes [low] Scrolls n - an [uncursed] scroll labeled SODALG [of light] Wands h - an [uncursed] wand of striking [0:2] Tools k - an [uncursed] can of grease [0:20] Iron balls c - an [uncursed] heavy iron ball (chained to you) Spells known in the end: Name Level Category Fail Memory Your skills at the end: Fighting Skills Weapon Skills sling [Basic / Skilled] Spellcasting Skills Final Attributes: You had transgressed. Hunger level was -44. Your alignment was -48 / 26. Monster difficulty range was 0 - 4. Level difficulty was 2. You were immune to poison. You were immune to level-drain. You were immune to sickness. You were punished. You could fly. You could survive without air. You regenerated. You were lucky (1). You survived. Vanquished creatures: 7 watchmen a leprechaun 3 gnome lords a gray ooze 2 giant ants 5 dwarves a dwarf zombie a wererat 2 acid blobs 2 coyotes 3 hobbits a large kobold a hobgoblin 24 gnomes 5 jackals a fox a kobold 2 sewer rats 2 lichens 3 newts 68 creatures vanquished. Voluntary challenges: You went without food. You never hit with a wielded weapon. You read items or engraved 1 time. You put on armor 18 times. You never genocided any monsters. You never polymorphed an object. You changed form 1 time. You used no wishes. You abstained from Elbereth's help. You never encountered a bones level. You never used any Sokoban shortcuts. Dungeon overview: The Dungeons of Doom: levels 1 to 2 Level 1 (Ninfa con maglia) a long staircase Level 2 <- You were here a scroll shop stairs to The Gnomish Mines The Gnomish Mines: levels 3 to 5 Level 3 stairs to The Dungeons of Doom Level 5 a fountain History has recorded: On T:1 you entered the Dungeons of Doom to retrieve the Amulet of Yendor! On T:245 you reached level 2 of The Dungeons of Doom. On T:285 you reached level 1 of The Gnomish Mines. On T:301 you advanced to experience level 2. On T:312 you advanced to experience level 3. On T:651 you advanced to experience level 4. On T:762 you advanced to experience level 5. On T:775 you reached level 2 of The Gnomish Mines. On T:1141 you advanced to experience level 6. On T:2406 you reached level 3 of The Gnomish Mines. On T:2474 you advanced to experience level 7. Latest messages: There are many objects here. $ - 206 gold pieces. f - a runed dagger. C - a dented pot. p - a +0 hard hat. u - a +0 pair of gloves called reg. E - a +0 pair of gloves called reg. A - a +0 pair of gloves called reg. y - a +0 pair of gloves called reg. q - a +0 pair of gloves called reg. l - a +1 pair of hard shoes. s - a +0 pair of jackboots. x - a pair of jackboots. B - a pair of walking shoes. F - a pair of walking shoes. t - a small shield. w - a small shield. n - a scroll labeled SODALG. h - a wand of striking. k - a can of grease. c - a heavy iron ball (chained to you). Final status: Goodbye Arrhythmia the Convict... You quit in The Dungeons of Doom on dungeon level 2 with 2476 points, and 206 pieces of gold, after 3212 moves. You were level 7 with a maximum of 66 hit points when you quit.